 Dungeon Crawl Stone Soup version 0.17.1-3-g152610e (webtiles) character file.

399 onionbog the Scratcher (level 6, -1/28 HPs)
             Began as a Felid Monk on Feb 29, 2016.
             Slain by Sargon's ghost (11 damage)
             ... on level 4 of the Dungeon.
             The game lasted 00:11:05 (3797 turns).

onionbog the Scratcher (Felid Monk)                 Turns: 3797, Time: 00:11:05

Health: -1/28      AC:  2    Str:  9    XL:     6   Next: 53%
Magic:  7/7        EV: 18    Int: 12    God:
Gold:   195        SH:  0    Dex: 18    Spells: 0 memorised, 5 levels left
                                        Lives:  0   Deaths: 1

rFire  . . .     SeeInvis +       - Unarmed
rCold  . . .     Clarity  .     (armour unavailable)
rNeg   . . .     SustAt   .     (shield unavailable)
rPois  .         Gourm    .     (helmet unavailable)
rElec  .         Spirit   .     (cloak unavailable)
rCorr  .         Warding  .     (gloves unavailable)
rMut   .         Stasis   .     (boots unavailable)
MR     .....                    (no amulet)
Stlth  +++.......               (no ring)
                                k - ring of wizardry

@: quick, not resistant to hostile enchantments, fairly stealthy
A: no armour, no weapons or thrown items, claws 1, fangs 3, see invisible,
carnivore 3, speed 1, shaggy fur 2, slow metabolism 1, sharp paws
a: no special abilities


You were on level 4 of the Dungeon.
You were full.

You visited 1 branch of the dungeon, and saw 4 of its levels.

You collected 195 gold pieces.

Inventory:

Jewellery
 i - an uncursed ring of teleportation
 k - a ring of wizardry (left paw)
Scrolls
 b - a scroll of random uselessness {unknown}
 c - a scroll of amnesia {unknown}
 d - 3 scrolls of remove curse
 h - 3 scrolls of identify {unknown}
 j - a scroll of noise {unknown}
 l - a scroll of recharging {unknown}
 o - a scroll of immolation {unknown}
 p - a scroll of fear {unknown}
 r - 2 scrolls of enchant armour
Potions
 e - 2 potions of brilliance
 f - 2 potions of mutation {unknown}
 g - a potion of cancellation {unknown}
 m - a potion of might {unknown}
 n - a potion of agility {unknown}
 q - a potion of curing {unknown}
 s - a potion of lignification {unknown}
Comestibles
 a - 3 meat rations


   Skills:
 - Level 3.0 Fighting
 + Level 7.2 Dodging
 - Level 2.6 Stealth
 * Level 7.4 Unarmed Combat


You had 5 spell levels left.
You didn't know any spells.

Dungeon Overview and Level Annotations

Branches:
Dungeon (4/15)
 Temple: D:4-7

Altars:
Nemelex Xobeh
Trog
The Shining One

Shops:
D:4 (

Annotations:
D:3 dertzug's ghost, weakling DDBe
D:4 Sargon's ghost, amateur GrFi


Innate Abilities, Weirdness & Mutations

You cannot wear armour.
You are incapable of wielding weapons or throwing items.
You have sharp claws.
You have razor-sharp teeth.
You have supernaturally acute eyesight.
You are carnivorous and can eat meat at any time.
You cover ground quickly.
You are covered in thick fur (AC +2).
You have a slow metabolism.
Your sharp claws are effective at attacking unaware monsters.


Message History

Sargon's ghost is moderately damaged.
Sargon's ghost misses you.
You scratch Sargon's ghost but do no damage.
You claw Sargon's ghost, but do no damage.
Sargon's ghost is moderately damaged.
You scratch Sargon's ghost.
Sargon's ghost is moderately damaged.
Sargon's ghost barely misses you.
You scratch Sargon's ghost.
Sargon's ghost is heavily damaged.
Sargon's ghost hits you.
You barely miss Sargon's ghost.
Sargon's ghost is heavily damaged.
Sargon's ghost misses you.
You scratch Sargon's ghost but do no damage.
You claw Sargon's ghost, but do no damage.
Sargon's ghost is heavily damaged.
Sargon's ghost hits you. Sargon's ghost hits you!
You die...

.#####.#.######.#.####.#
#.....
.......................#
######
.###.###...#..#...#.##.######
#...................##...##
#.##.......#...#...W......##
#.##.#..##.#...#.##........#
#.#..#..##.......##........#
##..........................#
#........#####@#######.....##
#........# #...W.# ##...##
#..#.##..# #.....# ##.##
#..#..#..# #.....# #.#
#..##.#..# #.....#######.#
#........# #.....##......#
##.......# ########.####.#
####.######### #.# ..# #.#
#.....# #.# #.#


You could see Sargon's ghost.

Vanquished Creatures
  Sigmund (D:2)
  A wyvern zombie (D:3)
  A scorpion (D:4)
  2 orc wizards (D:3)
  Jessica (D:2)
  Terence (D:2)
  Natasha (twice) (D:2)
  2 worker ants (D:4)
  5 adders
  2 oozes (D:2)
  2 worms (D:2)
  2 giant geckos
  11 orcs (D:3)
  2 ball pythons
  3 giant cockroaches
  6 hobgoblins
  4 kobolds
  4 bats
  5 giant newts
  8 goblins
  5 jackals
  A jackal skeleton (D:4)
  5 rats
76 creatures vanquished.

Notes
Turn   | Place    | Note
--------------------------------------------------------------
     0 | D:1      | onionbog the Felid Monk began the quest for the Orb.
     0 | D:1      | Reached XP level 1. HP: 10/10 MP: 2/2
    95 | D:1      | Reached XP level 2. HP: 7/14 MP: 3/3
   968 | D:2      | Noticed Natasha
   969 | D:2      | Killed Natasha
   969 | D:2      | Reached XP level 3. HP: 17/17 MP: 4/4
  1032 | D:2      | Noticed Natasha
  1041 | D:2      | Killed Natasha
  1041 | D:2      | Reached skill level 5 in Unarmed Combat
  1207 | D:2      | Found a sparkling altar of Nemelex Xobeh.
  1208 | D:2      | Noticed Sigmund
  1221 | D:2      | Killed Sigmund
  1221 | D:2      | Reached skill level 5 in Dodging
  1221 | D:2      | Reached skill level 6 in Unarmed Combat
  1221 | D:2      | Reached XP level 4. HP: 6/21 MP: 3/5
  1221 | D:2      | Reached XP level 5. HP: 6/24 MP: 3/6
  1450 | D:2      | Noticed Jessica
  1456 | D:2      | Killed Jessica
  1527 | D:2      | Noticed Terence
  1534 | D:2      | Killed Terence
  1534 | D:2      | Gained mutation: You are covered in thick fur (AC +2). [Felid growth]
  1534 | D:2      | Reached XP level 6. HP: 18/28 MP: 7/7
  2186 | D:3      | Noticed dertzug's ghost (weakling DDBe)
  2369 | D:3      | Found a glowing golden altar of the Shining One.
  2389 | D:3      | Slain by an orc wizard
  2390 | D:3      | Reached XP level 5. HP: -2/24 MP: 6/6
  2436 | D:3      | Found a bloodstained altar of Trog.
  2523 | D:3      | Reached skill level 7 in Unarmed Combat
  2693 | D:3      | Reached XP level 6. HP: 28/28 MP: 7/7
  3234 | D:4      | Noticed Sargon's ghost (amateur GrFi)
  3343 | D:3      | HP: 1/28 [poisoned by a scorpion]
  3619 | D:4      | Found Nujepn's Antique Weapon Boutique.
  3797 | D:4      | Slain by Sargon's ghost

Action                   |  1- 3 |  4- 6 || total
-------------------------+-------+-------++-------
Melee: Unarmed           |    66 |   194 ||   260
  Use: Potion            |       |     3 ||     3
       Scroll            |       |     2 ||     2
 Stab: Sleeping          |    11 |     9 ||    20
       Distracted        |       |     1 ||     1
  Eat: Chunk             |     4 |    11 ||    15
